 Dungeon Crawl Stone Soup version 0.20-a0-1126-g0f15420 (webtiles) character file.

192 JiminyMac the Chopper (level 5, -2/47 HPs)
             Began as a Minotaur Berserker on May 17, 2017.
             Was a Believer of Trog.
             Slain by Sigmund
             ... wielding a +0 vampiric scythe
              (9 damage)
             ... on level 3 of the Dungeon.
             The game lasted 00:03:24 (1971 turns).

JiminyMac the Chopper (Minotaur Berserker)          Turns: 1971, Time: 00:03:24

Health: -2/47      AC:  2    Str: 23    XL:     5   Next: 42%
Magic:  4/4        EV: 12    Int:  4    God:    Trog [**....]
Gold:   80         SH:  0    Dex:  9    Spells: 4/4 levels left

rFire    . . .     SeeInvis .   a - +0 hand axe
rCold    . . .     Gourm    .   (no shield)
rNeg     . . .     Faith    .   b - +0 animal skin
rPois    .         Spirit   .   (helmet restricted)
rElec    .         Reflect  .   (no cloak)
rCorr    .         Harm     .   (no gloves)
MR       .....                  (no boots)
Stlth    +.........             (no amulet)
Regen    0.2/turn               (no ring)
MPRegen  0.1/turn               (no ring)

@: slowed, very slow
A: retaliatory headbutt, horns 2
a: Berserk, Trog's Hand, Burn Spellbooks, Renounce Religion


You were on level 3 of the Dungeon.
You worshipped Trog.
Trog was pleased with you.
You were very hungry.

You visited 1 branch of the dungeon, and saw 3 of its levels.

You collected 80 gold pieces.

Inventory:

Hand Weapons
 a - a +0 hand axe (weapon)
Armour
 b - a +0 animal skin (worn)
Scrolls
 h - a scroll of magic mapping {unknown}
 j - a scroll of enchant weapon {unknown}
 k - 4 scrolls of identify {unknown}
 n - 2 scrolls of immolation {unknown}
 p - a scroll of enchant armour {unknown}
Potions
 d - 3 potions of heal wounds {unknown}
 e - a potion of ambrosia {unknown}
 f - a potion of curing {unknown}
 g - a potion of berserk rage {unknown}
 i - a potion of agility {unknown}
 m - a potion of resistance {unknown}
Comestibles
 c - 2 bread rations
 l - a meat ration
 o - 3 chunks of flesh


   Skills:
 + Level 4.6 Fighting
 * Level 6.1 Axes
 + Level 3.9 Armour
 - Level 2.1 Dodging


You had 4 spell levels left.
You didn't know any spells.

Dungeon Overview and Level Annotations

Branches:
Dungeon (3/15)

Altars:
Dithmenos

Annotations:
D:3 Sigmund


Innate Abilities, Weirdness & Mutations

You reflexively headbutt those who attack you in melee.
You have a pair of horns on your head.


Message History

Sigmund casts a spell.
Sigmund flickers and vanishes!
Deactivating autopickup; reactivate with Ctrl-A.
Something hits you. The dart slug closely misses you.
You hit the dart slug but do no damage.
The dart slug is almost dead.
Something hits you. The dart slug closely misses you.
You barely miss the dart slug.
The dart slug is almost dead.
The dart slug bites you. Something hits you!
You hit the dart slug.
You kill the dart slug!
Trog accepts your kill. Something hits you.
* * * LOW HITPOINT WARNING * * *
Something hits you.
* * * LOW HITPOINT WARNING * * *
You see here a dart slug corpse.
You barely miss something. Your headbutt misses something. Something hits you!
You die...

#....# #....#
#....# .
#....#####..
#........... #
#..........< #.
#....)......
#.#..(.....$..
#..<..@.......
#..#.....{...(..
## #............
...............[
...#..#.........
##...###........
##.. #.#####.#
... .=# .. ...
..


There were no monsters in sight!

Vanquished Creatures
  A centaur (D:3)
  3 adders (D:2)
  An ooze (D:1)
  4 worms (D:2)
  2 dart slugs
  A leopard gecko (D:1)
  A ball python (D:1)
  3 bats (D:1)
  6 giant cockroaches
  8 goblins
  7 hobgoblins
  9 jackals
  6 frilled lizards
  4 kobolds
  7 rats
63 creatures vanquished.

Notes
Turn   | Place    | Note
-------+----------+-------------------------------------------
     0 | D:1      | JiminyMac the Minotaur Berserker began the quest for the Orb.
     0 | D:1      | Reached XP level 1. HP: 19/19 MP: 0/0
    38 | D:1      | Reached skill level 4 in Axes
    56 | D:1      | Reached XP level 2. HP: 19/27 MP: 1/1
   431 | D:1      | Reached XP level 3. HP: 33/33 MP: 2/2
   759 | D:1      | Reached ** piety under Trog
   791 | D:1      | Reached skill level 5 in Axes
  1164 | D:2      | Reached XP level 4. HP: 34/40 MP: 3/3
  1761 | D:2      | Found a shadowy altar of Dithmenos.
  1952 | D:3      | Noticed Sigmund
  1952 | D:3      | Noticed a centaur
  1959 | D:3      | Killed a centaur
  1959 | D:3      | Reached skill level 6 in Axes
  1959 | D:3      | Reached XP level 5. HP: 47/47 MP: 4/4
  1971 | D:3      | Slain by Sigmund

Vault maps used:
D:1:      dpeg_arrival_simpleton_b
D:2:      nicolae_dithmenos_through_a_glass_darkly, first_bread
D:3:      uniq_robin, uniq_sigmund

Skill      XL: |  1  2  3  4 |
---------------+-------------+-----
Axes           | 4 5 6 |  6.1
Armour         | 3 |  3.9
Fighting       | 4 |  4.6
Dodging        | |  2.1

Action                   |  1- 3 |  4- 6 || total
-------------------------+-------+-------++-------
Melee: Hand axe          |    77 |    50 ||   127
       Headbutt          |    11 |    10 ||    21
Invok: Berserk           |     3 |     1 ||     4
 Stab: Sleeping          |     1 |       ||     1
  Eat: Chunk             |     3 |     3 ||     6
Armor: Animal skin       |    11 |    11 ||    22
Dodge: Dodged            |    43 |    32 ||    75
